 Dungeon Crawl Stone Soup version 0.30-a0-883-g5ad918d77d (webtiles) character file.

Game seed: 9252055067562790953

1069 Jeffwins the Poker (level 8, -7/52 HPs)
             Began as a Human Wanderer on Mar 17, 2023.
             Was an Initiate of Vehumet.
             Mangled by a wyvern (14 damage)
             ... on level 5 of the Dungeon.
             The game lasted 00:10:28 (4863 turns).

Jeffwins the Poker (Human Wanderer)                 Turns: 4863, Time: 00:10:29

Health: -7/52      AC:  9    Str: 15    XL:     8   Next: 53%
Magic:  7/13       EV: 12    Int: 14    God:    Vehumet [......]
Gold:   107        SH:  0    Dex: 16    Spells: 10/14 levels left

rFire   . . .      SeeInvis .    a - +10 long sword of the Enormous God {venom, rPois Will++ Int-4}
rCold   . . .      Faith    .    (no shield)
rNeg    . . .      Spirit   .    d - +0 robe
rPois   +          Reflect  .    y - +2 helmet {Int+3}
rElec   .          Rampage  .    C - +2 cloak
rCorr   .                        (no gloves)
Will    ++...                    b - +0 pair of boots
Stlth   ++                       (no amulet)
HPRegen 0.28/turn                S - +6 ring of strength
MPRegen 0.13/turn                Z - ring of wizardry

@: no status effects
A: no striking features
a: Renounce Religion


You were on level 5 of the Dungeon.
You worshipped Vehumet.
Vehumet was noncommittal.
You visited 2 branches of the dungeon, and saw 6 of its levels.
You also visited: Sewer.

You collected 277 gold pieces.
You spent 170 gold pieces at shops.


   Skills:
 * Level 3.2 Long Blades
 - Level 4.4 Polearms
 - Level 2.0 Dodging
 + Level 2.7 Stealth
 * Level 3.6 Spellcasting
 * Level 3.7 Conjurations
 * Level 2.3 Transmutations
 * Level 4.2 Fire Magic
 * Level 2.0 Poison Magic
 - Level 1.0 Invocations
 + Level 2.0 Evocations


You had 10 spell levels left.
You knew the following spells:

 Your Spells              Type           Power      Damage    Failure   Level
x - Ignite Poison         Fire/Tmut/Pois 10%        N/A       8%          3
z - Foxfire               Conj/Fire      52%        2x1d6     1%          1

Your spell library contained the following spells:

 Spells                   Type           Power      Damage    Failure   Level
 Alistair's Intoxication  Tmut/Pois      5%         N/A       63%         5
 Borgnjor's Vile Clutch   Necr/Erth      1%         N/A       89%         5
 Eringya's Noxious Bog    Tmut/Pois      4%         N/A       99%         6

Inventory:

Hand Weapons
 a - the +10 long sword of the Enormous God (weapon) {venom, rPois Will++ Int-4}
   (You found it on level 2 of the Dungeon)

   Int:       It affects your intelligence (-4).
   rPois:     It protects you from poison.
   Will:      It greatly increases your willpower.
 m - a +1 flail of holy wrath
 n - a +2 spear
Missiles
 w - 10 poisoned darts
Armour
 b - a +0 pair of boots (worn)
 d - a +0 robe (worn)
 y - a +2 helmet of intelligence (worn)
 C - a +2 cloak (worn)
Magical Staves
 f - a staff of conjuration {!a}
 p - a staff of fire
 B - a staff of air
Jewellery
 S - a +6 ring of strength (left hand)
 Z - a ring of wizardry (right hand)
Wands
 l - a wand of light (15)
Scrolls
 e - 5 scrolls of vulnerability {!r}
 h - 2 scrolls of fear
 i - 2 scrolls of torment {!r}
 j - 5 scrolls of teleportation {@r4}
 q - a scroll of poison {unknown}
 u - 2 scrolls of identify {@r1}
 v - 4 scrolls of magic mapping
 x - a scroll of amnesia
Potions
 c - a potion of attraction {!q}
 g - a potion of heal wounds {@q2}
 k - 6 potions of flight
 o - 2 potions of resistance {unknown}
 r - 3 potions of mutation {!q}
 s - a potion of curing {unknown}
 t - a potion of lignification {unknown}
 z - 2 potions of might {unknown}
 A - a potion of cancellation {unknown}

Dungeon Overview and Level Annotations

Branches:
Dungeon (5/15)             Temple (1/1) D:4           Sewer (visited)

Altars:
Ashenzari
Dithmenos
Fedhas
Hepliaklqana
Kikubaaqudgha
Makhleb
Nemelex Xobeh
Okawaru
Qazlal
Ru
Sif Muna
Trog
Uskayaw
Vehumet
Wu Jian
Yredelemnul
The Shining One

Shops:
D:4

* #.# #.# ###########.#
............#
............#
###..............####
......................
....########<##..#######
....# #.....l@)......
....# #[####.###.##.#
....# ###.####)###.#
....# #.............
)...# ##+#.##.###.##[
....# #..............
....# #....##.#.##.#.
....# #....##........
....# ##+.....#.#S?..


You could see a wyvern.


Message History

Vehumet accepts your kill.
The gnoll sergeant hits you from afar with a +2 trident of protection.
The gnoll sergeant hits you with a +2 trident of protection.
You see here 2 stones.
The wyvern hisses angrily.
You slash the gnoll sergeant!
The gnoll sergeant is poisoned.
The gnoll sergeant is moderately wounded.
The gnoll sergeant hits you with a +2 trident of protection!
* * * LOW HITPOINT WARNING * * *
Unknown command.
Casting: Ignite Poison (dangerous; 8% risk of failure)
Confirm with . or Enter, or press ? or * to list all spells.
You ignite the poison in your surroundings!
The gnoll sergeant seems to burn from within!!!
You kill the gnoll sergeant!
Vehumet accepts your kill.
Your Poison Magic skill increases to level 2!
Your Evocations skill increases to level 2!
You hit the wyvern but do no damage.
The wyvern is poisoned.
The wyvern barely misses you. x2
Unknown command.
Casting: Ignite Poison (dangerous; 8% risk of failure)
Confirm with . or Enter, or press ? or * to list all spells.
You ignite the poison in your surroundings!
The wyvern seems to burn from within!!
The wyvern is almost dead.
The wyvern bites you!
* * * LOW HITPOINT WARNING * * *
The wyvern bites you!
You die...

Skill      XL: |  1  2  3  4  5  6  7  8 |
---------------+-------------------------+-----
Conjurations   | 1 2 3 |  3.7
Stealth        | 1 2 |  2.7
Spellcasting   | 2 3 |  3.6
Fire Magic     | 3 4 |  4.2
Long Blades    | 1 2 3 |  3.2
Evocations     | 1 2 |  2.0
Transmutations | 1 2 |  2.3
Poison Magic   | 1 2 |  2.0
Polearms       | |  4.4
Dodging        | |  2.0
Invocations    | |  1.0

Action                     |  1- 3 |  4- 6 |  7- 9 || total
---------------------------+-------+-------+-------++-------
  Melee: Spear             |    31 |       |       ||    31
         Punch             |     1 |     1 |     2 ||     4
         Long sword        |       |   130 |    74 ||   204
   Cast: Foxfire           |    27 |     7 |       ||    34
         Ignite Poison     |       |       |     4 ||     4
  Evoke: Wand              |       |     1 |       ||     1
    Use: Scroll            |       |     6 |     5 ||    11
         Potion            |       |     2 |       ||     2
   Stab: Sleeping          |       |     2 |     8 ||    10
 Armour: Robe              |     7 |    46 |    20 ||    73
  Dodge: Dodged            |    21 |   117 |    33 ||   171

Levels and vault maps discovered:
D:1:      tekkud_arrival_beachfront_property, layout_basic,
          kennysheep_minor_cross
D:2:      layout_rooms, basic_altar, minmay_unequal, uniq_natasha, uniq_terence
D:3:      layout_loops_ring, portal_sewer_entry_a, grunt_ministairs_14
D:4:      layout_basic, nicolae_wu_jian_wuxing_cycle,
          worldfamousw_hep_ancestral_shrine, minmay_temple_entry_large_hall,
          serial_shops, nicolae_shop_crystal, st_stairs_8, kennysheep_donut
D:5:      layout_basic, mainiacjoe_overflow_divided_tiny,
          minmay_misc_feat_doors, minmay_diced_spiral, uniq_grinder
Temple:   hellmonk_temple_forest_ring

Notes
Turn   | Place    | Note
-------+----------+-------------------------------------------
     0 | D:1      | Jeffwins the Human Wanderer began the quest for the Orb.
     0 | D:1      | Jeffwins set off with the following items: a +2 spear, a +0
                  | pair of boots, a potion of attraction {!q}, a +0 robe; and
                  | the following spell memorised: Foxfire; and the following
                  | spells available to memorise: Ignite Poison.
     0 | D:1      | Reached XP level 1. HP: 13/13 MP: 2/2
   471 | D:1      | Reached XP level 2. HP: 19/19 MP: 0/3
   857 | D:2      | Reached XP level 3. HP: 24/24 MP: 2/5
   870 | D:2      | Reached skill level 1 in Conjurations
  1030 | D:2      | Noticed Natasha
  1037 | D:2      | Killed Natasha
  1038 | D:2      | Reached skill level 1 in Stealth
  1038 | D:2      | Reached XP level 4. HP: 30/30 MP: 0/6
  1136 | D:2      | Noticed Terence
  1201 | D:2      | Killed Terence
  1202 | D:2      | Reached skill level 2 in Spellcasting
  1208 | D:2      | Identified the +10 long sword of the Enormous God {venom,
                  | rPois Will++ Int-4}
  1328 | D:2      | Reached XP level 5. HP: 28/35 MP: 8/8
  1425 | D:2      | Noticed Natasha
  1430 | D:2      | Killed Natasha
  1431 | D:2      | Reached skill level 2 in Conjurations
  1523 | D:2      | Found a bloodstained altar of Trog.
  1583 | D:2      | Reached skill level 3 in Fire Magic
  1676 | D:3      | Reached skill level 1 in Long Blades
  1677 | D:3      | Reached XP level 6. HP: 27/41 MP: 9/9
  1732 | D:3      | Found a glowing drain.
  1812 | Sewer    | Entered a sewer
  2092 | Sewer    | HP: 2/41 [river rat (6)]
  2149 | Sewer    | Reached skill level 1 in Evocations
  2596 | D:3      | Reached skill level 2 in Long Blades
  2596 | D:3      | Reached skill level 2 in Stealth
  2596 | D:3      | Reached XP level 7. HP: 30/46 MP: 11/11
  2757 | D:3      | Learned a level 3 spell: Ignite Poison
  3263 | D:4      | Found Fimi's General Store.
  3270 | D:4      | Bought a +0 helmet of intelligence for 126 gold pieces
  3270 | D:4      | Bought a scroll of fear for 44 gold pieces
  3285 | D:4      | Found an ornate altar of the Wu Jian Council.
  3525 | D:4      | Reached skill level 3 in Spellcasting
  3539 | D:4      | Reached skill level 3 in Conjurations
  3645 | D:4      | Identified the +11 flail "Cifus" {freeze, rN++ Will-}
  3649 | D:4      | Found a staircase to the Ecumenical Temple.
  3665 | Temple   | Entered the Ecumenical Temple
  3836 | Temple   | Became a worshipper of Vehumet
  3919 | D:4      | Found a hazy altar of Hepliaklqana.
  4066 | D:4      | Reached skill level 1 in Transmutations
  4223 | D:5      | Entered Level 5 of the Dungeon
  4229 | D:5      | Reached skill level 1 in Poison Magic
  4605 | D:5      | Found a blossoming altar of Fedhas.
  4606 | D:5      | Found a basalt altar of Yredelemnul.
  4646 | D:5      | Reached XP level 8. HP: 51/52 MP: 8/12
  4705 | D:5      | Reached skill level 4 in Fire Magic
  4735 | D:5      | Noticed a wyvern
  4735 | D:5      | Noticed Grinder
  4770 | D:5      | Killed Grinder
  4771 | D:5      | Reached skill level 3 in Long Blades
  4771 | D:5      | Reached skill level 2 in Transmutations
  4860 | D:5      | Reached skill level 2 in Poison Magic
  4860 | D:5      | Reached skill level 2 in Evocations
  4863 | D:5      | Mangled by a wyvern

Vanquished Creatures
  Grinder (D:5)
  An ice beast (D:4)
  2 ogres (D:5)
  A phantom (D:3)
  A gnoll sergeant (D:5)
  Terence (D:2)
  4 iguanas
  Natasha (twice) (D:2)
  17 adders
  4 river rats (Sewer)
  An ufetubus (D:3)
  6 worms
  2 dart slugs
  6 orcs
  10 ball pythons
  10 bats
  3 endoplasms
  4 giant cockroaches
  8 goblins
  7 hobgoblins
  3 jackals (Sewer)
  8 kobolds
  6 quokkas
  7 frilled lizards
  6 rats
121 creatures vanquished.

Vanquished Creatures (others)
  61 foxfires
61 creatures vanquished.

Grand Total: 182 creatures vanquished

Table legend: (Time is in decaauts)
 A = Elapsed time spent in this place.
 B = Non-inter-level travel time spent in this place.
 C = Inter-level travel time spent in this place.
 D = Time resting spent in this place.
 E = Time spent auto-exploring this place.
 F = Levels seen in this place.
 G = Mean time per level.
                   A        B        C        D        E       F      G
               +--------+--------+--------+--------+--------+-----+--------+
         Total |   5090 |   4990 |    100 |    325 |   3670 |   7 |  727.1 |
       Dungeon |   3973 |   3906 |     67 |    227 |   2947 |   5 |  794.6 |
        Temple |    182 |    149 |     33 |      0 |    138 |   1 |  182.0 |
         Sewer |    934 |    934 |      0 |     98 |    584 |   1 |  934.0 |
               +--------+--------+--------+--------+--------+-----+--------+

Top non-repeatable levels by time:
   Sewer: 934 daAuts
     D:2: 874 daAuts
     D:4: 859 daAuts
     D:3: 859 daAuts
     D:1: 793 daAuts
     D:5: 586 daAuts
  Temple: 182 daAuts

Table legend:
 A = Non-vault XP
 B = Vault XP
 C = Vault XP percentage of total XP
 D = Non-vault monster count
 E = Vault monster count
 F = Vault count percentage of total count
                 A         B        C        D         E       F
            +---------+---------+-------+---------+---------+-------
      Total |     782 |     746 |  48.8 |      71 |      50 |  41.3
            +---------+---------+-------+---------+---------+-------
        D:1 |      22 |       0 |   0.0 |      14 |       0 |   0.0
        D:2 |     113 |      91 |  44.6 |      21 |       5 |  19.2
        D:3 |      90 |     133 |  59.6 |      20 |       7 |  25.9
        D:4 |     209 |       3 |   1.4 |       8 |       1 |  11.1
        D:5 |     348 |     364 |  51.1 |       8 |       5 |  38.5
      Sewer |       0 |     155 | 100.0 |       0 |      32 | 100.0
            +---------+---------+-------+---------+---------+-------
